Map: Automaton LE

Players

MyDude - Winner!

  • Race: Zerg Zerg
  • Spawn Location: 9:00

A.I. 2 (Elite)

  • Race: Terran Terran
  • Spawn Location: 3:00

VOD

Have the link to the VOD?

Description

Time

  • Played on: April 2, 2019, 9:59 p.m.
  • Length: 5:37
Show
View Real Time Build Order
Export as new Build Order

MyDude Zerg - Winner!

Build Orders: Hatch First, Zergling Baneling 

Get SALT Encoding   

  12  0:01  Drone  
  13  0:12  Overlord  
  13  0:18  Drone  
  14  0:31  Drone x2  
  16  0:52  Hatchery  
  16  0:54  Drone  
  16  0:58  Drone  
  17  1:09  Extractor  
  16  1:13  Spawning Pool  
  16  1:17  Drone  
  16  1:21  Drone  
  16  1:24  Drone  
  18  1:30  Drone  
  19  1:40  Drone  
  20  1:49  Drone  
  21  2:03  Queen x2  
  21  2:06  Drone x2  
  27  2:11  Metabolic Boost  
  27  2:28  Hatchery  
  26  2:39  Overlord  
  26  2:42  Zergling x4  
  28  2:56  Baneling Nest  
  27  3:00  Drone x4  
  27  3:01  Drone  
  32  3:05  Overlord  
  33  3:20  Drone x3  
  33  3:23  Overlord  
  33  3:25  Zergling x6  
  38  3:39  Zergling x2  
  38  3:40  Zergling x4  
  41  3:48  Zergling x4  
  42  3:49  Zergling x8  
  47  3:58  Overlord  
  47  4:00  Zergling x4  
  48  4:15  Baneling  
  48  4:16  Baneling x4  
  48  4:24  Zergling x2  
  48  4:25  Zergling x20  
  56  4:35  Zergling x6  
  56  4:40  Queen  
  58  4:54  Baneling  
  58  4:55  Baneling x6  
  58  5:01  Overlord  
  58  5:02  Zergling x2  
  58  5:03  Zergling x12  
Show
View Real Time Build Order
Export as new Build Order

A.I. 2 (Elite) Terran 

Build Orders:  

Get SALT Encoding   

  12  0:00  SCV  
  13  0:13  SCV  
  14  0:19  Supply Depot  
  14  0:25  SCV  
  15  0:41  SCV  
  16  0:45  Barracks  
  16  0:48  Refinery  
  16  0:53  SCV  
  17  1:05  Barracks  
  17  1:06  SCV  
  18  1:18  SCV  
  19  1:32  Marine  
  20  1:34  Orbital Command  
  20  1:41  Barracks  
  20  1:50  Marine  
  20  1:52  Marine  
  22  2:01  Supply Depot  
  22  2:03  SCV  
  23  2:08  Barracks Tech Lab  
  23  2:11  Barracks Tech Lab  
  24  2:22  SCV  
  24  2:26  Marine  
  24  2:28  Marine  
  24  2:29  Marine  
  26  2:31  Stimpack  
  26  2:32  Concussive Shells  
  27  2:40  Supply Depot  
  27  2:44  Marine  
  27  2:47  Marine x2  
  27  2:49  SCV  
  31  3:02  Marauder  
  31  3:04  Marine  
  34  3:06  Marauder  
  34  3:12  Supply Depot  
  36  3:22  Marine  
  36  3:23  Marine  
  36  3:24  Combat Shield  
  36  3:27  SCV  
  39  3:33  Marine  
  39  3:35  Supply Depot  
  39  3:39  SCV  
  40  3:41  Marauder  
  42  3:51  Marauder  
  44  3:57  Refinery  
  44  4:14  Marauder x2  
  48  4:18  Supply Depot  
  48  4:19  SCV  
  48  4:31  SCV  
  48  4:36  Marauder  
  38  4:43  Command Center  
  38  4:45  Marine  
  39  4:48  Marine  
  40  4:54  SCV  
  40  4:56  Marine  
  42  5:02  Marine  
  42  5:06  Marine  
  44  5:14  Marine  
  38  5:22  SCV  
Tags
 
Matchup
TvZ
Spawn Locations
Cross Positions
Add a new tag
Caveats
  • Supply blocks, unpowered buildings, or Contaminate may cause inaccurate times.
  • Supply counts are checked every 10 seconds.